Map: Efflorescence LE

Players

Ayi - Winner!

  • Race: Zerg Zerg
  • Spawn Location: 9:00

Ross - Winner!

  • Race: Zerg Zerg
  • Spawn Location: 6:00

Massa

  • Race: Terran Terran
  • League: Platinum
  • Spawn Location: 3:00

qqq

  • Race: Zerg Zerg
  • Spawn Location: 12:00

VOD

Have the link to the VOD?

Description

Time

  • Played on: March 23, 2021, 1:31 p.m.
  • Length: 16:34
Show
View Real Time Build Order
Export as new Build Order

Ayi Zerg - Winner!

Build Orders: Hatch First, Lurkers 

Get SALT Encoding   

  12  0:00  Drone  
  13  0:13  Overlord  
  13  0:18  Drone  
  14  0:31  Drone x2  
  16  0:36  Drone  
  17  0:46  Drone  
  18  0:58  Hatchery  
  17  1:08  Extractor  
  16  1:12  Spawning Pool  
  16  1:15  Drone  
  16  1:19  Drone  
  16  1:23  Drone  
  18  1:30  Drone  
  19  1:40  Overlord  
  19  1:52  Drone  
  20  1:59  Queen  
  22  2:02  Drone  
  23  2:09  Metabolic Boost  
  23  2:11  Queen  
  23  2:13  Drone  
  26  2:16  Drone  
  26  2:21  Zergling x2  
  26  2:22  Zergling x2  
  29  2:33  Drone  
  29  2:34  Drone  
  32  2:44  Drone x2  
  33  2:53  Queen  
  33  2:54  Overlord  
  33  2:55  Drone  
  36  3:04  Overlord  
  36  3:18  Hatchery, Drone  
  36  3:25  Drone  
  37  3:27  Drone x3  
  39  3:35  Lair  
  39  3:36  Drone  
  39  3:37  Drone  
  41  3:44  Zergling x2  
  41  3:45  Zergling x2  
  41  3:48  Overlord x2  
  43  3:59  Overlord  
  43  4:00  Overlord  
  43  4:01  Evolution Chamber  
  43  4:02  Evolution Chamber  
  41  4:05  Zergling x2  
  41  4:09  Zergling x2  
  43  4:11  Extractor, Overlord  
  43  4:15  Zergling x2  
  43  4:16  Zergling x4  
  45  4:22  Zergling x2  
  45  4:23  Zergling x4  
  46  4:25  Zergling x2  
  46  4:27  Zergling x2  
  45  4:35  Zergling x2  
  45  4:36  Queen  
  45  4:38  Zergling x2  
  45  4:44  Zergling x2  
  45  4:45  Zergling x2  
  39  4:46  Zergling x2  
  39  4:48  Zerg Ground Armor Level 1, Zergling x2  
  36  4:53  Zergling x2  
  36  4:58  Drone  
  37  5:00  Zergling x2  
  37  5:03  Zergling x2  
  39  5:08  Drone  
  39  5:09  Drone  
  39  5:13  Drone  
  42  5:15  Drone  
  42  5:16  Drone  
  40  5:24  Drone x3  
  40  5:33  Drone  
  40  5:34  Drone  
  40  5:35  Drone x2  
  41  5:39  Zergling x2  
  41  5:40  Zergling x2  
  42  5:48  Zergling x2  
  42  5:49  Zergling x2, Hydralisk Den  
  42  6:02  Drone x4  
  46  6:09  Evolution Chamber  
  45  6:14  Zergling x12  
  51  6:20  Grooved Spines  
  51  6:26  Drone x2  
  52  6:33  Hydralisk  
  52  6:36  Hydralisk  
  56  6:47  Hydralisk x4  
  48  6:50  Hydralisk  
  57  6:54  Extractor  
  57  6:55  Extractor  
  57  7:00  Hydralisk  
  57  7:06  Zergling x6  
  60  7:09  Zergling x2  
  60  7:11  Zergling x2  
  60  7:12  Zergling x4  
  60  7:13  Zergling x2  
  64  7:18  Zergling x2  
  64  7:20  Hydralisk  
  67  7:23  Zerg Missile Weapons Level 1  
  67  7:28  Hydralisk  
  69  7:34  Hydralisk  
  71  7:38  Hydralisk  
  71  7:40  Zergling x4  
  75  7:44  Overlord x4  
  67  8:07  Hydralisk  
  67  8:08  Hydralisk x2  
  72  8:13  Hatchery, Overseer  
  72  8:15  Zergling x8  
  75  8:24  Evolution Chamber  
  75  8:25  Drone x3  
  75  8:36  Drone  
  75  8:37  Drone x3  
  75  8:39  Drone  
  80  8:48  Zergling x2  
  79  8:59  Spine Crawler  
  79  9:00  Spine Crawler  
  73  9:03  Zergling x4  
  73  9:04  Zergling x6  
  70  9:14  Drone x4  
  74  9:18  Drone  
  75  9:24  Muscular Augments  
  75  9:27  Drone  
  75  9:28  Drone x4  
  75  9:29  Lurker Den  
  79  9:33  Overseer  
  79  9:44  Zerg Missile Weapons Level 2  
  79  9:47  Drone x6  
  85  9:53  Drone  
  85  9:54  Drone x3  
  85  9:56  Spore Crawler  
  87  10:08  Zergling x2  
  87  10:09  Zergling x8  
  87  10:10  Hydralisk  
  82  10:15  Hydralisk  
  82  10:18  Extractor, Zergling x2  
  82  10:19  Queen, Zergling x4  
  82  10:20  Extractor  
  74  10:23  Overseer x2  
  74  10:24  Zergling x2  
  74  10:25  Zergling x2  
  76  10:29  Zergling x2  
  76  10:31  Zergling x2  
  77  10:36  Hydralisk  
  77  10:39  Hydralisk  
  77  10:40  Hydralisk  
  77  10:41  Hydralisk  
  82  10:49  Hydralisk  
  78  10:51  Hydralisk  
  78  10:52  Hydralisk x3  
  78  10:53  Drone  
  88  11:00  Lurker  
  88  11:05  Spore Crawler  
  88  11:06  Drone  
  88  11:07  Drone x2  
  90  11:16  Drone  
  90  11:17  Drone x2  
  93  11:22  Lurker x2  
  93  11:23  Lurker x3  
  98  11:28  Hatchery  
  98  11:32  Drone  
  98  11:33  Drone x5  
  98  11:37  Overseer x2  
  103  11:43  Hydralisk x3  
  109  11:50  Infestation Pit  
  109  11:52  Hydralisk  
  109  11:53  Hydralisk x2  
  114  12:00  Overlord x2  
  113  12:08  Hydralisk x2  
  112  12:10  Overlord x2  
  114  12:18  Hydralisk x4  
  114  12:20  Zergling x2  
  123  12:28  Hydralisk  
  123  12:29  Hydralisk x2  
  127  12:44  Drone  
  127  12:45  Spore Crawler  
  127  12:46  Drone, Spore Crawler  
  127  12:47  Drone x9  
  136  12:52  Hive  
  136  12:57  Spore Crawler  
  135  13:02  Pneumatized Carapace  
  132  13:06  Extractor  
  132  13:07  Extractor  
  120  13:13  Hydralisk  
  120  13:14  Hydralisk x6  
  134  13:21  Hydralisk x3  
  132  13:31  Zergling x2  
  132  13:32  Zergling x16  
  139  13:35  Zergling x2  
  139  13:36  Zergling x2  
  139  13:37  Hydralisk  
  138  13:42  Hydralisk  
  138  13:48  Hydralisk x2  
  140  13:50  Overlord x2  
  140  13:51  Overlord x2  
  144  13:55  Spine Crawler  
  144  13:58  Spine Crawler  
  142  14:12  Seismic Spines  
  142  14:15  Zerg Ground Armor Level 2  
  139  14:20  Lurker  
  139  14:22  Lurker x3  
  143  14:37  Overlord x4  
  143  14:38  Overlord  
  143  14:40  Hatchery  
  142  14:57  Drone x14  
  142  14:58  Drone x2  
  158  15:09  Adaptive Talons  
  152  15:29  Lurker x4  
  152  15:30  Lurker  
  152  15:33  Drone x12  
  152  15:34  Drone x3  
  167  15:53  Hydralisk x4  
  167  15:54  Hydralisk  
  167  15:56  Hydralisk  
  162  16:09  Extractor, Spore Crawler  
  162  16:11  Extractor, Spore Crawler  
  159  16:12  Spore Crawler x2  
  159  16:14  Spine Crawler x2  
Show
View Real Time Build Order
Export as new Build Order

Ross Zerg - Winner!

Build Orders: Hatch First 

Get SALT Encoding   

  12  0:02  Drone  
  13  0:13  Overlord  
  13  0:19  Drone  
  14  0:32  Drone x2  
  16  0:39  Drone  
  17  0:47  Drone  
  18  0:58  Drone  
  19  1:07  Hatchery  
  18  1:16  Spawning Pool  
  18  1:18  Drone  
  18  1:22  Drone  
  19  1:42  Drone  
  19  1:46  Extractor  
  19  1:47  Drone  
  19  1:53  Drone  
  21  2:05  Overlord  
  21  2:18  Queen  
  21  2:20  Queen  
  25  2:23  Drone  
  25  2:24  Drone x2  
  28  2:45  Extractor  
  28  2:46  Metabolic Boost  
  28  2:49  Zergling x8  
  31  2:53  Drone  
  31  2:54  Overlord  
  32  3:02  Queen  
  34  3:09  Drone x2  
  36  3:16  Drone x2  
  36  3:18  Baneling Nest  
  37  3:24  Drone  
  38  3:34  Drone x2  
  39  3:45  Hatchery  
  39  3:47  Zergling x6  
  39  3:48  Zergling x4  
  43  3:59  Overlord  
  43  4:06  Baneling x4  
  43  4:07  Baneling x3  
  43  4:13  Lair  
  43  4:29  Zergling x4  
  43  4:30  Zergling x14  
  43  4:31  Zergling x2  
  46  4:37  Zergling x2  
  46  4:46  Zergling x2  
  46  4:47  Zergling x8  
  50  5:04  Drone  
  50  5:05  Drone x3  
  54  5:08  Drone x2  
  52  5:28  Zergling x12  
  52  5:43  Spine Crawler  
  52  5:46  Spine Crawler  
  52  5:49  Centrifical Hooks  
  50  5:52  Spore Crawler  
  44  6:01  Drone x3  
  44  6:02  Drone x4  
  50  6:05  Drone x3  
  50  6:06  Drone  
  50  6:07  Extractor  
  50  6:15  Drone x3  
  50  6:16  Drone x3  
  52  6:25  Zergling x6  
  54  6:26  Zergling x2  
  56  6:37  Zergling x4  
  56  6:39  Overlord x3  
  58  6:48  Extractor  
  53  7:00  Drone, Evolution Chamber  
  53  7:01  Zergling x6  
  54  7:02  Evolution Chamber  
  53  7:08  Zergling x2  
  53  7:09  Zergling x2  
  53  7:10  Zergling x6  
  58  7:19  Evolution Chamber  
  58  7:21  Spine Crawler  
  56  7:22  Spine Crawler x2  
  56  7:23  Spine Crawler  
  56  7:25  Baneling x5  
  56  7:26  Baneling  
  56  7:27  Zergling x10  
  57  7:32  Baneling x6  
  57  7:33  Baneling  
  57  7:36  Zerg Melee Weapons Level 1  
  57  7:48  Zergling x2  
  57  7:49  Zergling x12  
  51  8:06  Zergling x6  
  51  8:07  Zergling x6  
  57  8:17  Spire  
  56  8:21  Zerg Ground Armor Level 1  
  57  8:36  Drone x2, Infestation Pit  
  57  8:37  Drone  
  57  8:38  Zergling x10  
  64  8:44  Hatchery  
  60  8:50  Baneling x3  
  60  8:51  Baneling x6  
  60  8:52  Baneling, Zergling x2  
  60  8:53  Zergling x2  
  62  9:10  Nydus Network  
  62  9:11  Zerg Missile Weapons Level 1  
  61  9:21  Zergling x2  
  61  9:22  Zergling x10  
  67  9:32  Zergling x2  
  68  9:55  Zergling x2  
  68  9:56  Zergling x12  
  75  10:08  Nydus Canal  
  74  10:38  Spore Crawler  
  74  10:40  Spore Crawler  
  70  10:46  Zergling x2  
  70  10:47  Zergling x4  
  70  10:49  Overlord x2  
  73  10:50  Overlord  
  70  11:00  Spore Crawler  
  70  11:03  Hive  
  69  11:06  Zerg Melee Weapons Level 2  
  69  11:07  Zerg Ground Armor Level 2  
  69  11:18  Baneling x5  
  69  11:19  Baneling x6  
  69  11:20  Baneling x3, Zergling x2  
  69  11:21  Zergling x10  
  75  11:25  Drone  
  75  11:26  Drone x2  
  75  11:27  Queen  
  80  11:37  Overlord x2  
  80  11:45  Spore Crawler x2  
  80  11:46  Zergling x2  
  79  11:47  Zergling x10  
  79  11:53  Drone  
  79  11:54  Drone  
  86  12:01  Zerg Missile Weapons Level 2  
  79  12:17  Zergling x2  
  79  12:18  Zergling x10  
  62  12:27  Zergling x6  
  60  12:33  Drone x5  
  60  12:36  Adrenal Glands  
  60  12:41  Zergling x4  
  62  12:51  Baneling x3  
  62  12:52  Baneling x6  
  62  12:53  Baneling x5  
  62  12:54  Baneling  
  62  12:56  Zergling x2  
  63  12:59  Drone  
  64  13:12  Hatchery  
  63  13:14  Zergling x6  
  63  13:15  Zergling x12  
  64  13:21  Zergling x2  
  64  13:22  Zergling x6  
  65  13:30  Zergling x6  
  65  13:31  Zergling x2  
  68  13:34  Zergling x2  
  68  13:39  Zergling x4  
  71  13:44  Queen  
  72  13:54  Zergling x6  
  75  14:04  Zergling x12  
  75  14:05  Zergling x4  
  75  14:08  Baneling  
  75  14:09  Baneling x6  
  82  14:10  Baneling x6  
  82  14:11  Baneling x5  
  82  14:20  Drone x4  
  82  14:21  Drone x2  
  88  14:35  Drone x5  
  88  14:36  Drone x2  
  95  14:38  Queen  
  97  14:57  Zergling x12  
  97  14:58  Zergling x10  
  108  15:11  Ultralisk Cavern  
  107  15:17  Zergling x6  
  107  15:18  Zergling x14  
  117  15:23  Extractor x2  
  115  15:32  Drone  
  115  15:33  Drone x2, Extractor x2  
  116  15:39  Hatchery  
Show
View Real Time Build Order
Export as new Build Order

Massa Terran 

Build Orders:  

Get SALT Encoding   

  12  0:00  SCV  
  13  0:12  SCV  
  14  0:18  Supply Depot  
  14  0:24  SCV  
  15  0:40  SCV  
  15  0:41  Barracks  
  16  0:47  Refinery  
  16  0:52  SCV  
  17  1:04  SCV  
  18  1:07  Barracks  
  18  1:16  SCV  
  19  1:19  Supply Depot  
  19  1:28  SCV  
  20  1:34  Marine  
  21  1:40  Orbital Command  
  21  1:50  Barracks  
  21  1:54  Barracks Tech Lab  
  21  1:57  Marine  
  22  2:13  Stimpack  
  22  2:15  Marine  
  22  2:16  Marauder  
  25  2:32  Supply Depot  
  25  2:33  Marine  
  26  2:39  Marauder, Marine  
  29  2:51  Marine  
  30  2:57  Marine  
  31  3:00  Marauder  
  33  3:08  Supply Depot  
  33  3:09  Marine  
  34  3:15  Marine  
  35  3:22  Marauder  
  35  3:26  Marine  
  38  3:28  Supply Depot  
  38  3:33  Marine  
  39  3:43  Marauder  
  39  3:44  Marine  
  42  3:51  Marine  
  43  3:58  Combat Shield  
  43  4:02  Marine  
  44  4:04  Marauder  
  44  4:09  Marine  
  47  4:20  Marine  
  48  4:26  Marauder, Marine  
  44  4:38  Marine  
  43  4:44  Marine  
  40  4:47  Marauder  
  39  4:55  Marine  
  34  5:02  Marine  
  35  5:09  Marauder, Command Center  
  35  5:13  Marine  
  38  5:19  Factory  
  38  5:20  Marine  
  38  5:30  Marauder  
  38  5:35  Concussive Shells  
  40  5:41  SCV  
  41  5:45  Refinery  
  41  5:48  Supply Depot  
  41  5:51  Marauder  
  41  5:52  Engineering Bay  
  43  6:14  Marauder, Marine x2  
  43  6:16  Factory Reactor  
  47  6:32  Marine  
  45  6:36  Marauder  
  43  6:52  Marine x2  
  43  6:54  Widow Mine x2  
  47  6:57  Marauder  
  47  7:10  Marine x2  
  47  7:15  Widow Mine x2  
  53  7:18  Marauder  
  55  7:28  Marine  
  53  7:31  Barracks Reactor  
  53  7:35  Starport  
  53  7:37  Terran Infantry Weapons Level 1  
  53  7:38  Missile Turret  
  53  7:40  Marauder  
  53  7:41  Widow Mine x2  
  59  7:50  Missile Turret  
  59  7:52  SCV x2  
  61  8:03  Widow Mine x2  
  51  8:10  Marauder, Marine x2  
  51  8:11  Marine  
  56  8:42  Starport Reactor, Marine x2  
  56  8:44  Marauder  
  56  8:46  Barracks Reactor  
  56  8:47  Widow Mine x2  
  49  9:05  Marauder  
  49  9:09  Widow Mine x2  
  39  9:14  Orbital Command  
  39  9:15  SCV  
  40  9:19  Missile Turret  
  40  9:22  Marine x2  
  42  9:27  SCV, Marauder  
  45  9:36  Terran Infantry Armor Level 1, Armory  
  45  9:39  SCV  
  46  9:46  SCV  
  46  9:51  SCV  
  48  9:58  SCV  
  48  9:59  Marauder, Marine x2  
  53  10:01  Medivac  
  53  10:03  SCV  
  49  10:36  Terran Vehicle And Ship Armor Level 1  
  49  10:46  Viking x2  
  53  10:51  SCV x2  
  53  10:53  Refinery x2  
  55  11:03  Widow Mine x2, SCV x2  
  63  11:04  Marauder  
  63  11:12  Engineering Bay  
  63  11:15  SCV x2  
  67  11:26  Marauder  
  67  11:27  SCV x2  
  67  11:29  Terran Infantry Weapons Level 2  
  69  11:49  Barracks  
  69  11:53  Factory Tech Lab  
  69  12:08  Command Center  
  69  12:09  Marauder, Marine  
  63  12:25  Marine  
  62  12:31  Marauder  
  62  12:44  Siege Tank  
  59  12:45  Marine  
  60  12:52  Marauder  
  62  13:12  Marine x3  
  63  13:13  Marauder, Marine  
  63  13:16  Siege Tank  
  54  13:30  Marine x3  
  51  13:35  Marauder  
  48  13:56  Marauder  
  48  13:57  Medivac x2  
  48  14:00  Terran Infantry Armor Level 2  
  54  14:17  Marauder  
  54  14:20  Marine  
  54  14:21  Marine x3  
  60  14:25  SCV x2  
  62  14:35  Planetary Fortress  
  62  14:38  SCV x2, Marine  
  64  14:39  Marauder  
  67  14:50  SCV  
  68  14:53  SCV  
  69  15:00  Marauder  
  69  15:01  Siege Tank  
  69  15:02  SCV  
  69  15:05  Marine  
  69  15:06  Marine  
  77  15:22  Marauder  
  79  15:29  SCV x3  
  79  15:30  Marine x4  
  86  15:41  SCV x2  
  88  15:43  Marauder  
  76  15:55  Medivac  
  76  15:56  Medivac  
  77  15:58  Marine  
  77  15:59  Marine x3  
  77  16:01  Marine  
  76  16:04  Marauder  
Show
View Real Time Build Order
Export as new Build Order

qqq Zerg 

Build Orders: Hatch First 

Get SALT Encoding   

  12  0:01  Drone  
  13  0:11  Drone  
  14  0:19  Overlord  
  14  0:46  Hatchery  
  13  1:05  Spawning Pool  
  13  1:06  Extractor  
  11  1:16  Drone x2  
  13  1:21  Drone  
  14  1:40  Drone x2  
  16  1:52  Drone  
  17  1:54  Queen  
  19  2:11  Queen  
  19  2:13  Drone  
  19  2:14  Drone  
  23  2:19  Drone  
  23  2:21  Drone  
  25  2:31  Drone  
  25  2:34  Metabolic Boost  
  26  2:40  Evolution Chamber  
  26  2:42  Drone  
  26  2:54  Overlord  
  26  2:55  Drone  
  26  2:56  Drone  
  28  3:10  Zerg Melee Weapons Level 1  
  28  3:12  Zergling x4  
  30  3:13  Zergling x4  
  30  3:17  Zergling x2  
  33  3:20  Zergling x2  
  33  3:22  Zergling x2  
  33  3:25  Zergling x2  
  36  3:33  Overlord  
  36  3:40  Evolution Chamber  
  35  3:42  Zergling x2  
  35  3:44  Overlord  
  36  3:51  Zergling x6  
  36  3:53  Drone  
  40  4:06  Zergling x6  
  43  4:10  Zerg Ground Armor Level 1  
  43  4:14  Zergling x2  
  43  4:15  Drone  
  41  4:34  Drone x2, Zergling x8  
  46  4:43  Zergling x8  
  46  4:44  Zergling x2  
  45  4:58  Zergling x4  
  45  4:59  Zergling x2  
  47  5:05  Roach Warren  
  46  5:09  Drone x2, Zergling x4  
  50  5:18  Zergling x2  
  50  5:19  Zergling x2  
  49  5:34  Queen  
  46  5:42  Lair  
  46  5:49  Roach x2  
  43  5:58  Hatchery  
  43  6:02  Zergling x8  
  43  6:03  Drone  
  45  6:12  Zergling x2  
  45  6:13  Zergling x6  
  44  6:27  Roach x2  
  48  6:37  Drone x3  
  47  6:53  Drone, Zergling x4  
  47  6:54  Drone  
  50  7:00  Drone x2  
  51  7:01  Spire  
  51  7:02  Overlord x3  
  49  7:16  Zergling x4  
  49  7:17  Roach  
  49  7:18  Overlord  
  53  7:27  Drone, Roach  
  53  7:28  Zergling x2  
  57  7:30  Extractor  
  57  7:32  Drone x4  
  57  7:33  Drone x3, Zergling x2  
  64  7:40  Spore Crawler x2  
  62  7:49  Extractor x2  
  62  7:51  Drone x4  
  62  7:58  Roach x3  
  61  7:59  Roach  
  58  8:09  Roach  
  58  8:10  Roach x3  
  66  8:19  Zerg Missile Weapons Level 1  
  66  8:30  Zergling x4  
  66  8:31  Roach x2  
  66  8:32  Roach x2  
  75  8:38  Drone x3, Zergling x2  
  75  8:39  Roach  
  81  8:45  Glial Reconstitution  
  81  9:01  Roach  
  81  9:02  Overlord x4  
  82  9:14  Hatchery  
  82  9:16  Overlord  
  81  9:21  Spine Crawler  
  81  9:22  Drone  
  81  9:28  Mutalisk x2  
  81  9:30  Drone  
  86  9:33  Drone  
  86  9:34  Drone  
  88  9:46  Roach x3  
  88  9:47  Roach  
  88  9:48  Drone  
  88  9:49  Drone  
  98  9:54  Zerg Melee Weapons Level 2  
  98  9:58  Roach  
  98  9:59  Zergling x2  
  97  10:11  Roach x4  
  97  10:12  Roach  
  96  10:16  Zergling x6  
  93  10:22  Queen  
  90  10:51  Zergling x8  
  90  10:52  Zergling x8, Roach x2  
  90  10:53  Zergling x6  
  85  10:59  Spine Crawler  
  85  11:01  Zerg Ground Armor Level 2  
  85  11:03  Baneling Nest  
  79  11:06  Drone  
  79  11:07  Drone  
  79  11:08  Drone, Hydralisk Den  
  81  11:16  Mutalisk x2  
  81  11:17  Drone  
  86  11:31  Roach x3  
  86  11:32  Infestation Pit  
  91  11:36  Roach x2  
  91  11:37  Roach  
  97  11:56  Hatchery  
  83  12:13  Roach x5  
  83  12:14  Roach x6  
  85  12:28  Roach x4  
  79  12:35  Zergling x2  
  78  12:38  Zergling x2  
  75  12:47  Hatchery  
  75  12:48  Ravager x7  
  75  12:49  Ravager  
  82  12:51  Roach  
  82  12:52  Roach  
  82  12:53  Drone  
  82  12:55  Overlord  
  68  13:17  Zerg Missile Weapons Level 2  
  62  13:22  Roach x6  
  62  13:23  Roach  
  61  13:44  Roach  
  61  13:45  Roach  
  61  13:46  Zergling x6  
  63  13:49  Ravager x3  
  63  14:20  Lurker Den  
  63  14:21  Mutalisk x2  
  63  14:22  Mutalisk  
  68  14:29  Baneling x2  
  68  14:30  Baneling x4  
  68  14:43  Hatchery  
  67  14:57  Hydralisk x4  
  75  15:01  Roach  
  77  15:26  Corruptor x2  
  77  15:27  Mutalisk  
  77  15:28  Roach x3  
  81  15:44  Roach x3  
  81  15:45  Drone  
  63  16:06  Lurker  
  63  16:07  Lurker x2  
  66  16:17  Ravager  
Tags
 
Add a new tag
Caveats
  • Supply blocks, unpowered buildings, or Contaminate may cause inaccurate times.
  • Supply counts are checked every 10 seconds.